[Event "Titled Tuesday Blitz October 11 Late 2022"]
[White "Sztokbant, Bernardo Vainzoff"]
[Black "Krishnan, Varun"]
[WhiteFideId "2115956"]
[BlackFideId "5054508"]
[WhiteElo "2171"]
[BlackElo "2626"]
[Result "1-0"]
[Round "05"]
[TimeControl "180+1"]
[Date "2022.10.12"]
[WhiteClock "0:00:20"]
[BlackClock "0:00:07"]

1. e4 e5 2. Nf3 Nc6 3. Bc4 Nf6 4. d3 Be7 5. O-O O-O 6. c3 d6 7. Bb3 Na5 8. Bc2 c5 9. Re1 Nc6 10. Nbd2 Qc7 11. Nf1 h6 12. h3 Be6 13. Ng3 d5 14. Qe2 dxe4 15. dxe4 a6 16. Nh4 b5 17. Nhf5 Rfd8 18. Qf3 c4 19. Be3 a5 20. Rad1 b4 21. Ba4 Rxd1 22. Rxd1 Nd8 23. Nxe7+ Qxe7 24. Nf5 Bxf5 25. Qxf5 Nb7 26. Bc6 Rb8 27. Ba7 Nd6 28. Rxd6 Qxd6 29. Bxb8 Qxb8 30. Kh2 Qc7 31. Bd5 bxc3 32. bxc3 Nxd5 33. exd5 Qd6 34. Qe4 Qc7 35. d6 Qxd6 36. Qxc4 e4+ 37. g3 Qe5 38. Kg2 g6 39. a4 Qf5 40. Qd4 h5 41. h4 Qf3+ 42. Kg1 Qe2 43. Qd8+ Kg7 44. Qxa5 Qd1+ 45. Kh2 e3 46. Qe5+ Kg8 47. Qe8+ Kg7 48. Qxe3 Qxa4 49. Qd4+ Qxd4 50. cxd4 Kf6 51. Kg2 Ke6 52. Kf3 f6 53. Ke4 g5 54. d5+ Kd6 55. Kf5 Kxd5 56. hxg5 fxg5 57. Kxg5 Ke4 58. Kxh5 Kf3 59. g4 Kxf2 60. g5 Kf3 61. g6 1-0


[Site "https://www.chess.com"]

[Event "Titled Tuesday Blitz October 11 Late 2022"]
[White "Taichman, Ori"]
[Black "Rustemov, Alexander"]
[WhiteFideId "2804069"]
[BlackFideId "4119002"]
[WhiteElo "2234"]
[BlackElo "2862"]
[Result "0-1"]
[Round "05"]
[TimeControl "180+1"]
[Date "2022.10.11"]
[WhiteClock "0:01:30"]
[BlackClock "0:02:07"]

1. e4 e6 2. d4 d5 3. Nc3 dxe4 4. Nxe4 Bd7 5. Nf3 Bc6 6. Bd3 Nd7 7. O-O Ngf6 8. Ng3 Be7 9. Re1 O-O 10. Ne5 Nxe5 11. dxe5 Qd5 12. f3 Bc5+ 13. Kh1 Ng4 14. Ne4 Qxe4 15. Be3 Qxe3 16. fxg4 Qf2 17. Be4 Rad8 0-1


[Site "https://www.chess.com"]

[Event "Titled Tuesday Blitz October 11 Late 2022"]
[White "Tan, Ralph"]
[Black "Prieto Aranguren, Alain"]
[WhiteFideId "30966590"]
[BlackFideId "2268906"]
[WhiteElo "2059"]
[BlackElo "2209"]
[Result "1/2-1/2"]
[Round "05"]
[TimeControl "180+1"]
[Date "2022.10.12"]
[WhiteClock "0:00:22"]
[BlackClock "0:00:08"]

1. Nf3 f5 2. g3 Nc6 3. d4 d6 4. Bg2 e5 5. O-O e4 6. Ne1 d5 7. c4 dxc4 8. Qa4 Nf6 9. Nc3 Be6 10. Bg5 Qxd4 11. Rd1 Qc5 12. Bxf6 gxf6 13. Nc2 h5 14. Nb5 Rc8 15. Ne3 Kf7 16. Nc3 h4 17. Ncd5 b5 18. Qa6 Bd6 19. b4 Nxb4 20. Nxb4 Qxb4 21. Rb1 Qa4 22. Qxb5 Qxb5 23. Rxb5 hxg3 24. hxg3 Rb8 25. Rfb1 c6 26. Rb7+ Rxb7 27. Rxb7+ Kg6 28. g4 Rb8 29. gxf5+ Bxf5 30. Rxb8 Bxb8 31. Nxc4 Bc7 32. e3 Be6 33. Bxe4+ f5 34. Bd3 Kf6 35. a4 Bd5 36. Nd2 Ke5 37. Kf1 Ba5 38. Ke2 Bxd2 39. Kxd2 a5 40. Bc2 c5 41. Kc3 Be4 42. f4+ Kd5 43. Bb3+ Kc6 44. Bf7 Bd5 45. Bg6 Be6 46. Be8+ Kd5 47. Bb5 Ke4 48. Bc4 Bxc4 49. Kxc4 Kxe3 50. Kxc5 Kxf4 51. Kb5 Ke3 52. Kxa5 f4 53. Kb6 f3 54. a5 f2 55. a6 f1=Q 56. a7 Qb1+ 57. Kc7 Qc2+ 58. Kb8 Qb3+ 59. Ka8 Qd5+ 60. Kb8 Qb5+ 61. Ka8 Qc6+ 62. Kb8 Qb6+ 63. Ka8 Qc6+ 64. Kb8 Qb6+ 65. Ka8 Qc6+ 1/2-1/2


[Site "https://www.chess.com"]

[Event "Titled Tuesday Blitz October 11 Late 2022"]
[White "Tarasova, Viktoriya"]
[Black "Vlassov, Nikolai"]
[WhiteFideId "4175840"]
[BlackFideId "4103360"]
[WhiteElo "2182"]
[BlackElo "2324"]
[Result "0-1"]
[Round "05"]
[TimeControl "180+1"]
[Date "2022.10.12"]
[WhiteClock "0:00:50"]
[BlackClock "0:01:10"]

1. d4 Nf6 2. c4 Nc6 3. d5 Ne5 4. Qd4 Ng6 5. e4 e5 6. Qd1 Nxe4 7. Bd3 Bb4+ 8. Nd2 Nxd2 9. Bxd2 Qe7 10. a3 Bxd2+ 11. Qxd2 d6 12. O-O-O O-O 13. Ne2 c6 14. h4 cxd5 15. cxd5 Bd7 16. h5 Rfc8+ 17. Kb1 Nf8 18. Ng3 Rc5 19. Be4 Rac8 20. Rdf1 Bb5 21. Nf5 Qf6 22. Re1 Ba4 23. g4 Bc2+ 24. Ka1 Bxe4 25. Rxe4 Nd7 26. Rh3 Nb6 27. Rf3 Rxd5 28. Qe3 Rd1+ 29. Ka2 Qe6+ 0-1


[Site "https://www.chess.com"]

[Event "Titled Tuesday Blitz October 11 Late 2022"]
[White "Torres Boch, Jose Francisco"]
[Black "O`Gorman, Tom"]
[WhiteFideId "2278383"]
[BlackFideId "2508249"]
[WhiteElo "2073"]
[BlackElo "2271"]
[Result "0-1"]
[Round "05"]
[TimeControl "180+1"]
[Date "2022.10.12"]
[WhiteClock "0:00:36"]
[BlackClock "0:01:05"]

1. e4 c5 2. Nf3 d6 3. d4 cxd4 4. Nxd4 Nf6 5. Nc3 a6 6. Bg5 e6 7. f4 b5 8. e5 dxe5 9. fxe5 Qc7 10. exf6 Qe5+ 11. Be2 Qxg5 12. O-O Ra7 13. Qd3 Rd7 14. Ne4 Qe5 15. Nf3 Qc7 16. Qe3 Qa7 17. Qxa7 Rxa7 18. a4 bxa4 19. Rxa4 gxf6 20. Nxf6+ Ke7 21. Ng5 h6 22. Nd5+ exd5 23. Rxf7+ Ke8 24. Rxa7 Bc5+ 25. Kf1 Bxa7 26. Bh5+ Ke7 27. Nf7 Rf8 28. Ke2 Rxf7 29. Bxf7 Kxf7 30. c4 d4 31. b4 Bg4+ 32. Kd2 Ke6 33. b5 Kd6 34. bxa6 Kc5 35. h3 Bc8 36. g4 Bxa6 37. h4 Bb6 38. g5 hxg5 39. hxg5 Bxc4 40. g6 Nd7 41. Ra8 Nf6 42. Rf8 Ng8 43. Rc8+ Kb5 44. Rb8 Ka6 45. Rc8 Ba5+ 46. Kd1 Kb5 47. Rb8+ Ka4 48. Ra8 d3 49. g7 Bb3+ 50. Kc1 d2+ 51. Kb2 d1=Q 52. Rxa5+ Kxa5 53. Ka3 0-1


[Site "https://www.chess.com"]

[Event "Titled Tuesday Blitz October 11 Late 2022"]
[White "Trent, Lawrence"]
[Black "Sailer, Mike"]
[WhiteFideId "408638"]
[BlackFideId "2012901"]
[WhiteElo "2474"]
[BlackElo "2109"]
[Result "1-0"]
[Round "05"]
[TimeControl "180+1"]
[Date "2022.10.12"]
[WhiteClock "0:01:58"]
[BlackClock "0:00:23"]

1. e4 d5 2. exd5 Qxd5 3. Nf3 Bg4 4. Be2 Nc6 5. h3 Bxf3 6. Bxf3 Qe6+ 7. Kf1 Nf6 8. c3 g6 9. d4 O-O-O 10. g3 Kb8 11. Kg2 h5 12. Re1 Qd7 13. Nd2 e6 14. Nc4 Bg7 15. Bg5 Rde8 16. Bxf6 Bxf6 17. Qb3 g5 18. Rad1 g4 19. Be4 gxh3+ 20. Kh1 h4 21. Ne5 Bxe5 22. dxe5 Na5 23. Rxd7 Nxb3 24. axb3 hxg3 25. fxg3 Reg8 26. Kh2 Rg5 27. Bc2 Rhg8 28. Re3 Kc8 29. Rxf7 Rd8 30. Bd3 a6 31. b4 Rd5 32. Kxh3 Rdxe5 33. Rxe5 Rxe5 34. Rf3 Kd7 35. g4 c5 36. bxc5 Rxc5 37. Kh4 e5 38. g5 Ke6 39. g6 Rc8 40. g7 Rg8 41. Bc4+ 1-0


[Site "https://www.chess.com"]

[Event "Titled Tuesday Blitz October 11 Late 2022"]
[White "Urazayev, Arystanbek"]
[Black "Czernek, Tymon"]
[WhiteFideId "13709810"]
[BlackFideId "1199510"]
[WhiteElo "2441"]
[BlackElo "2240"]
[Result "1-0"]
[Round "05"]
[TimeControl "180+1"]
[Date "2022.10.12"]
[WhiteClock "0:00:18"]
[BlackClock "0:00:16"]

1. e4 c5 2. Nf3 d6 3. d4 cxd4 4. Nxd4 Nf6 5. Nc3 a6 6. Bd3 e5 7. Nde2 Be7 8. O-O O-O 9. Ng3 b5 10. a4 b4 11. Nd5 Nxd5 12. exd5 f5 13. f4 e4 14. Bc4 Nd7 15. Be3 Nf6 16. a5 Qe8 17. Qd2 Ng4 18. Bb6 Bh4 19. Nh1 Rb8 20. h3 e3 21. Qe2 Nf6 22. Qxe3 Qxe3+ 23. Bxe3 Bb7 24. Rad1 Rbc8 25. b3 Ne4 26. Nf2 Nc3 27. Rd2 Rfe8 28. Bb6 Bf6 29. Nd1 Ne4 30. Re2 Ng3 31. Rxe8+ Rxe8 32. Rf3 Re1+ 33. Kf2 Rxd1 34. Kxg3 Bxd5 35. Bxa6 Bxf3 36. Kxf3 Bd4 37. Be2 Bxb6 38. axb6 1-0


[Site "https://www.chess.com"]

[Event "Titled Tuesday Blitz October 11 Late 2022"]
[White "Vega Gutierrez, Sabrina"]
[Black "Danielyan, Vahe"]
[WhiteFideId "2219026"]
[BlackFideId "13304828"]
[WhiteElo "2261"]
[BlackElo "2421"]
[Result "0-1"]
[Round "05"]
[TimeControl "180+1"]
[Date "2022.10.12"]
[WhiteClock "0:00:01"]
[BlackClock "0:02:26"]

1. e4 c6 2. d4 d5 3. e5 Bf5 4. Nd2 e6 5. Nb3 Nd7 6. Nf3 Be7 7. Be2 h5 8. O-O Nh6 9. Ne1 Bg6 10. Bxh5 Bxh5 11. Qxh5 c5 12. dxc5 Nxc5 13. Nxc5 Bxc5 14. Nd3 Be7 15. Rd1 Rc8 16. c3 Rc4 17. Nf4 Qb6 18. Be3 Qa6 19. b3 Re4 20. Rd4 O-O 21. Rxe4 dxe4 22. Qe2 Qc6 23. c4 Nf5 24. Rd1 Qc7 25. Bc1 Qxe5 26. Rd7 Bd6 27. g3 Nd4 28. Qd1 Nf3+ 29. Kg2 Bc5 30. Rxb7 Qa1 31. Rd7 Qxa2 32. Bd2 Nxd2 33. Qxd2 Qxb3 34. Rc7 Qf3+ 35. Kg1 e3 0-1


[Site "https://www.chess.com"]

[Event "Titled Tuesday Blitz October 11 Late 2022"]
[White "Vivas Zamora, Fabian Ernesto"]
[Black "Korchmar, Vasiliy"]
[WhiteFideId "3902480"]
[BlackFideId "24131750"]
[WhiteElo "2236"]
[BlackElo "2370"]
[Result "1-0"]
[Round "05"]
[TimeControl "180+1"]
[Date "2022.10.12"]
[WhiteClock "0:00:27"]
[BlackClock "0:00:02"]

1. e4 c5 2. Nf3 d6 3. d4 cxd4 4. Nxd4 Nf6 5. Nc3 Nc6 6. Bg5 Bd7 7. Bc4 e6 8. Bb3 a6 9. Qd3 h6 10. Bh4 Ne5 11. Qe2 g5 12. Bg3 b5 13. a3 Rc8 14. h4 g4 15. f4 gxf3 16. gxf3 Rg8 17. Bh2 h5 18. O-O-O Qb6 19. Bf4 b4 20. Na4 Qa5 21. Bd2 Rb8 22. Bxb4 Rxb4 23. axb4 Qxb4 24. Qxa6 Be7 25. Qa8+ Bd8 26. c3 1-0


[Site "https://www.chess.com"]

[Event "Titled Tuesday Blitz October 11 Late 2022"]
[White "Wadsworth, Matthew J"]
[Black "D`Arruda, Ricardo D."]
[WhiteFideId "415804"]
[BlackFideId "100692"]
[WhiteElo "2367"]
[BlackElo "2455"]
[Result "1-0"]
[Round "05"]
[TimeControl "180+1"]
[Date "2022.10.12"]
[WhiteClock "0:00:02"]
[BlackClock "0:00:02"]

1. c4 e5 2. Nf3 Nc6 3. d4 exd4 4. Nxd4 Nf6 5. Nxc6 bxc6 6. g3 d5 7. Bg2 Bb4+ 8. Bd2 Qe7 9. cxd5 Bxd2+ 10. Qxd2 cxd5 11. Bxd5 Nxd5 12. Qxd5 Rb8 13. Qc6+ Bd7 14. Qxc7 Rc8 15. Qf4 O-O 16. Nc3 Bh3 17. Rd1 Rfe8 18. Rd2 Qb7 19. f3 Bg2 20. Rg1 Bxf3 21. Rf1 Bg2 22. Rf2 Bh3 23. Qf3 Qb4 24. Qxf7+ Kh8 25. Qh5 Bg4 26. Qb5 Qe7 27. Kf1 Bh3+ 28. Kg1 Qe3 29. Qd3 Qb6 30. Qd4 Qc7 31. e4 h6 32. Qd6 Qa5 33. Qd5 Qb6 34. Qh5 Qe6 35. Nd5 Bg4 36. Qh4 Rc1+ 37. Rf1 Rxf1+ 38. Kxf1 Rc8 39. Nc3 Rf8+ 40. Rf2 Re8 41. h3 Qc4+ 42. Kg2 Be6 43. g4 Qd4 44. Qg3 Rd8 45. Qf4 Qd3 46. g5 h5 47. Qf3 Qxf3+ 48. Kxf3 Bxh3 49. Rh2 Bg4+ 50. Kf4 Rd3 51. e5 Kg8 52. Rf2 Kf7 53. Ne4 Rd8 54. Nd6+ Kg6 55. Ke4 Rb8 56. b3 Rb4+ 57. Kd5 Kxg5 58. e6 1-0


[Site "https://www.chess.com"]

[Event "Titled Tuesday Blitz October 11 Late 2022"]
[White "Yano, William Jorge Froes"]
[Black "Zaloznyy, Mike"]
[WhiteFideId "2112949"]
[BlackFideId "2023075"]
[WhiteElo "2122"]
[BlackElo "2126"]
[Result "1-0"]
[Round "05"]
[TimeControl "180+1"]
[Date "2022.10.12"]
[WhiteClock "0:00:30"]
[BlackClock "0:00:20"]

1. e4 d6 2. d4 Nf6 3. Nc3 e5 4. Nf3 Nbd7 5. Be2 Be7 6. Be3 c6 7. h3 Qc7 8. g4 h6 9. Qd2 b5 10. a3 a5 11. Bd3 Rb8 12. Ne2 Nb6 13. b3 a4 14. Ng3 axb3 15. cxb3 Be6 16. Nf5 Bf8 17. O-O Bxb3 18. d5 Nc4 19. Qc3 Nxe3 20. fxe3 Bc4 21. Bxc4 bxc4 22. Qxc4 g6 23. Ng3 Rc8 24. Rfc1 Qb6 25. Kf2 h5 26. g5 h4 27. Ne2 Nh7 28. Rab1 Qa7 29. dxc6 Be7 30. Rb7 Qxa3 31. Rc3 Qa1 32. Rc1 Qa3 33. Rc3 Qa1 34. Qb3 Qh1 35. Neg1 Nxg5 36. Nxg5 Qh2+ 37. Kf1 Qg3 38. Qxf7+ Kd8 39. Qxe7# 1-0


[Site "https://www.chess.com"]

[Event "Titled Tuesday Blitz October 11 Late 2022"]
[White "Yi, Richard"]
[Black "Kobla, Vishal"]
[WhiteFideId "2079518"]
[BlackFideId "2078457"]
[WhiteElo "2147"]
[BlackElo "1972"]
[Result "1/2-1/2"]
[Round "05"]
[TimeControl "180+1"]
[Date "2022.10.12"]
[WhiteClock "0:00:04"]
[BlackClock "0:00:07"]

1. Nf3 d5 2. g3 e6 3. Bg2 Nf6 4. O-O Be7 5. d4 O-O 6. c4 dxc4 7. Qc2 a6 8. a4 Nc6 9. Qxc4 Nb4 10. Bd2 a5 11. Rc1 Bd6 12. Ne5 Ra6 13. e4 Bxe5 14. dxe5 Rc6 15. Qe2 Rxc1+ 16. Bxc1 Nd7 17. f4 Nc5 18. Be3 Nb3 19. Ra3 Nd4 20. Qf2 Ndc2 21. Rc3 Qd1+ 22. Qf1 Nxe3 23. Rxe3 Qd4 24. Qf2 Rd8 25. Nc3 Nc2 26. Re2 Nb4 27. Qxd4 Rxd4 28. Kf2 Bd7 29. Ke3 Rd3+ 30. Kf2 Bc6 31. Bf1 Rd4 32. Ke3 Rd3+ 33. Kf2 Rd4 34. Re3 Rd2+ 35. Re2 Rd4 1/2-1/2


[Site "https://www.chess.com"]

[Event "Titled Tuesday Blitz October 11 Late 2022"]
[White "Yuan, Qingyu"]
[Black "Bortnyk, Mykola"]
[WhiteFideId "8609772"]
[BlackFideId "14120836"]
[WhiteElo "2359"]
[BlackElo "2582"]
[Result "1-0"]
[Round "05"]
[TimeControl "180+1"]
[Date "2022.10.11"]
[WhiteClock "0:00:04"]
[BlackClock "0:00:02"]

1. d4 Nf6 2. Bf4 b5 3. Nf3 Bb7 4. Nbd2 Nh5 5. Bg3 Nxg3 6. hxg3 e6 7. e3 a6 8. Bd3 h6 9. Ne5 d6 10. Nef3 c5 11. dxc5 dxc5 12. Be4 Qc7 13. a4 Nc6 14. axb5 axb5 15. Rxa8+ Bxa8 16. Qa1 Bb7 17. b3 e5 18. Nxe5 Nxe5 19. Bxb7 Bd6 20. Qa8+ Qb8 21. Bc6+ Ke7 22. Qa6 c4 23. O-O Rc8 24. Bxb5 cxb3 25. cxb3 f5 26. Nc4 Rc5 27. Nxe5 Qxb5 28. Qxb5 Rxb5 29. Nc6+ Kf6 30. Rd1 Ba3 31. Nd4 Rb6 32. Rb1 Bc5 33. Ne2 g5 34. Kf1 Ke5 35. Nc3 Rb8 36. Ke2 Bb4 37. Na2 Bd6 38. Nc1 Ke6 39. Nd3 Ra8 40. Rb2 Ra1 41. b4 Kd5 42. b5 h5 43. b6 Kc6 44. b7 Bb8 45. Nb4+ Kc5 46. Nd3+ Kc6 47. f3 Ra4 48. Nf2 Ra3 49. e4 f4 50. gxf4 gxf4 51. Nd3 Ra1 52. Nb4+ Kc5 53. Nd3+ Kd4 54. Rb4+ Kc3 55. Rb2 Ra7 56. e5 Ra6 57. Rb1 Ra2+ 58. Rb2 Rxb2+ 59. Nxb2 Kxb2 60. e6 1-0


[Site "https://www.chess.com"]

[Event "Titled Tuesday Blitz October 11 Late 2022"]
[White "Yurovskykh, Oleksandr"]
[Black "Haszon, David"]
[WhiteFideId "14134020"]
[BlackFideId "733610"]
[WhiteElo "2303"]
[BlackElo "2211"]
[Result "1-0"]
[Round "05"]
[TimeControl "180+1"]
[Date "2022.10.12"]
[WhiteClock "0:00:10"]
[BlackClock "0:00:13"]

1. d4 Nf6 2. Nf3 d5 3. c3 g6 4. Bf4 Bg7 5. e3 O-O 6. Nbd2 c5 7. Be2 Nc6 8. O-O b6 9. Qa4 Bb7 10. Rad1 e6 11. Ne5 Qc8 12. h3 Nd7 13. Nxd7 Qxd7 14. Qa3 cxd4 15. exd4 a6 16. Qb3 b5 17. a3 Na5 18. Qa2 Nc4 19. Nb3 Rfc8 20. Nc5 Qc6 21. b3 Nb6 22. b4 Nd7 23. Qd2 Nxc5 24. bxc5 e5 25. Be3 e4 26. Bf4 Qe6 27. Rb1 Bc6 28. a4 bxa4 29. Rb6 Qd7 30. Ra1 f6 31. Bg4 f5 32. Bd1 Bf8 33. Qa2 h6 34. Bxa4 g5 35. Be5 Bg7 36. Bxg7 Kxg7 37. Bxc6 Rxc6 38. Qa4 Rac8 39. Qxa6 f4 40. Qb5 f3 41. Raa6 fxg2 42. Rxc6 Qxh3 43. Rg6+ Kh8 44. Rxh6+ 1-0


[Site "https://www.chess.com"]

[Event "Titled Tuesday Blitz October 11 Late 2022"]
[White "Zeynalli, Rashad"]
[Black "Reshetnikov, Alexey"]
[WhiteFideId "13403320"]
[BlackFideId "4162080"]
[WhiteElo "2125"]
[BlackElo "2502"]
[Result "1-0"]
[Round "05"]
[TimeControl "180+1"]
[Date "2022.10.11"]
[WhiteClock "0:00:10"]
[BlackClock "0:00:04"]

1. d4 Nf6 2. Bf4 d5 3. e3 c5 4. c3 Qb6 5. Qb3 Nc6 6. Nd2 Bf5 7. dxc5 Qxb3 8. axb3 e5 9. Bg3 Bxc5 10. Ngf3 Nd7 11. b4 Bd6 12. Nd4 Nxd4 13. exd4 f6 14. Bb5 Ke7 15. Nb3 a6 16. Bxd7 Kxd7 17. dxe5 fxe5 18. O-O-O Be6 19. Rhe1 d4 20. Nc5+ Bxc5 21. bxc5 Bb3 22. Rd2 Kc6 23. Rxe5 d3 24. Rxd3 Rad8 25. Rd6+ Rxd6 26. cxd6 Rd8 27. Re7 Rd7 28. Re8 Bd5 29. f3 a5 30. Rc8+ Kb5 31. Kc2 a4 32. Kd3 Bc6 33. c4+ Kb4 34. Be5 Kb3 35. c5 g6 36. Rc7 Kb4 37. h4 Kxc5 38. Rc8 Kd5 39. f4 Rf7 40. g4 Kc5 41. h5 Kb4 42. hxg6 hxg6 43. Rg8 Rh7 44. Rxg6 Rh3+ 45. Kd4 Kb3 46. Kc5 Rd3 47. Rg7 Rd5+ 48. Kb6 Rxe5 49. fxe5 Kxb2 50. d7 a3 51. d8=Q a2 52. Qd4+ 1-0


[Site "https://www.chess.com"]

[Event "Titled Tuesday Blitz October 11 Late 2022"]
[White "Zhigalko, Sergei"]
[Black "Goltsev, Dmitry"]
[WhiteFideId "13502956"]
[BlackFideId "24176710"]
[WhiteElo "2662"]
[BlackElo "2257"]
[Result "1/2-1/2"]
[Round "05"]
[TimeControl "180+1"]
[Date "2022.10.11"]
[WhiteClock "0:00:06"]
[BlackClock "0:00:06"]

1. e4 e6 2. d4 d5 3. e5 c5 4. c3 Nc6 5. Nf3 Nge7 6. Na3 Nf5 7. Nc2 cxd4 8. cxd4 h5 9. Bd3 Nb4 10. Bxf5 exf5 11. Bg5 Nxc2+ 12. Qxc2 Qa5+ 13. Nd2 Qa6 14. f3 Be6 15. Kf2 Rc8 16. Qb3 Qb6 17. Qxb6 axb6 18. Rhc1 Bb4 19. Rxc8+ Bxc8 20. Rc1 Be6 21. Rc7 O-O 22. Rxb7 Rc8 23. Rxb6 Bf8 24. Ke2 Rc1 25. Rb8 Bc8 26. b4 f6 27. exf6 gxf6 28. Bf4 Kf7 29. a4 Bd7 30. b5 Ra1 31. Rb7 Ke6 32. Rb6+ Kf7 33. Bd6 Rxa4 34. Bxf8 Kxf8 35. Rxf6+ Ke7 36. Rb6 Rxd4 37. Nb3 Rb4 38. Nc5 Rb2+ 39. Kf1 Bxb5+ 40. Ke1 f4 41. g3 Rxh2 42. gxf4 Bc4 43. Re6+ Kf7 44. Rh6 h4 45. Nd7 Kg7 46. Rh5 h3 47. Ne5 Re2+ 48. Kd1 h2 49. Ng4 Kg6 50. Rxh2 Rxh2 51. Nxh2 Kf5 52. Ng4 Kxf4 53. Nf6 d4 54. Kd2 Kxf3 55. Nd7 d3 56. Nc5 Kg2 57. Nxd3 1/2-1/2


[Site "https://www.chess.com"]

[Event "Titled Tuesday Blitz October 11 Late 2022"]
[White "Zhukov, Maksim"]
[Black "Reprintsev, Alexander"]
[WhiteFideId "34181790"]
[BlackFideId "14100541"]
[WhiteElo "1929"]
[BlackElo "2230"]
[Result "1/2-1/2"]
[Round "05"]
[TimeControl "180+1"]
[Date "2022.10.12"]
[WhiteClock "0:00:10"]
[BlackClock "0:00:18"]

1. Nf3 d5 2. g3 Nc6 3. Bg2 e5 4. O-O e4 5. Ne1 Nf6 6. d3 Bg4 7. h3 Bh5 8. dxe4 dxe4 9. Qxd8+ Rxd8 10. g4 Bg6 11. Bg5 h5 12. Nc3 hxg4 13. hxg4 Ne5 14. Bxf6 gxf6 15. Bxe4 Nxg4 16. Bxg6 fxg6 17. Nf3 Bb4 18. Nb5 c6 19. Nbd4 Nh2 20. Nxh2 Rxd4 21. f3 Bc5 22. Kg2 Rd2 23. Rfe1 Rxc2 24. Rac1 Rxc1 25. Rxc1 Bd6 26. Nf1 Bf4 27. Rd1 Ke7 28. e3 Be5 29. f4 Bc7 30. Kf3 Rh1 31. Kg2 Rh5 32. Ng3 Ra5 33. a3 f5 34. Kf3 Rb5 35. Rd2 Rb3 36. Rh2 Bb6 37. Re2 Kf6 38. Nf1 a5 39. Nd2 Rd3 40. Nc4 Bc7 41. Rd2 Rxd2 42. Nxd2 b5 43. e4 fxe4+ 44. Kxe4 Ke6 45. Nf3 c5 46. b3 a4 47. bxa4 bxa4 48. Nh4 Kf6 49. Nf3 c4 50. Kd4 Bxf4 51. Kxc4 Bd6 52. Kb5 Bxa3 53. Kxa4 Be7 54. Kb3 Kf5 55. Kc4 Kf4 56. Nd4 Bf6 57. Ne6+ Ke5 58. Nc5 g5 59. Kd3 Kf4 60. Ne4 Kf5 61. Nxg5 1/2-1/2


[Site "https://www.chess.com"]

[Event "Titled Tuesday Blitz October 11 Late 2022"]
[White "Zierk, Steven"]
[Black "Preotu, Razvan"]
[WhiteFideId "2034255"]
[BlackFideId "2613280"]
[WhiteElo "2494"]
[BlackElo "2407"]
[Result "1-0"]
[Round "05"]
[TimeControl "180+1"]
[Date "2022.10.11"]
[WhiteClock "0:00:20"]
[BlackClock "0:00:03"]

1. e4 c5 2. Nf3 d6 3. d4 cxd4 4. Nxd4 Nf6 5. Nc3 a6 6. h3 e5 7. Nde2 h5 8. Bg5 Be6 9. Bxf6 Qxf6 10. Nd5 Qd8 11. Nec3 g6 12. a4 Nc6 13. Bc4 Bg7 14. O-O O-O 15. Ne3 Nd4 16. Ncd5 Rc8 17. a5 Bh6 18. Nb6 Bxe3 19. Bxe6 Rxc2 20. Bd5 Qg5 21. Nc4 Bf4 22. Ra3 Rc8 23. Rc3 Rxc3 24. bxc3 Ne6 25. Bxe6 fxe6 26. Qxd6 Rc6 27. Qd7 Qf6 28. Nd6 Rxc3 29. Qxb7 h4 30. Qxa6 Rc2 31. Qa8+ Kh7 32. Qb7+ Kh6 33. Qb3 Rd2 34. Nc4 Re2 35. a6 Qe7 36. Qb8 Ra2 37. Nxe5 Bxe5 38. Qxe5 Rxa6 39. Qh8+ Kg5 40. f4# 1-0


[Site "https://www.chess.com"]

[Event "Titled Tuesday Blitz October 11 Late 2022"]
[White "Zochowski, Kacper"]
[Black "Erdogdu, Mert"]
[WhiteFideId "1125494"]
[BlackFideId "6301495"]
[WhiteElo "2292"]
[BlackElo "2413"]
[Result "0-1"]
[Round "05"]
[TimeControl "180+1"]
[Date "2022.10.12"]
[WhiteClock "0:00:07"]
[BlackClock "0:01:25"]

1. Nf3 d5 2. c4 e6 3. g3 c5 4. cxd5 exd5 5. Bg2 Nf6 6. O-O Nc6 7. d4 Be7 8. Nc3 O-O 9. dxc5 Bxc5 10. a3 Ne4 11. Nxd5 Be6 12. Nc3 Nxc3 13. bxc3 Qxd1 14. Rxd1 Rfe8 15. Nd4 Na5 16. Be3 Bc4 17. Bf3 Rac8 18. Nf5 Bxe3 19. Nxe3 Bb3 20. Rd7 Rxc3 21. Kg2 g6 22. h4 h5 23. g4 Be6 24. Rdd1 Rxe3 25. fxe3 hxg4 26. Be4 Bb3 27. Rd5 Bxd5 28. Bxd5 Rxe3 29. Kf2 Re5 30. Bg2 Nb3 31. Rd1 Nc5 32. Rd8+ Kg7 33. Ra8 a6 34. Rb8 Re7 35. Rc8 Ne4+ 36. Kg1 Ng3 37. Rb8 Nxe2+ 38. Kf2 g3+ 39. Kf1 Nf4 40. Bxb7 Rc7 41. Ke1 Rc1+ 42. Kd2 Rb1 0-1


[Site "https://www.chess.com"]

[Event "Titled Tuesday Blitz October 11 Late 2022"]
[White "Zomorrodian, Eilia"]
[Black "Pham, Le Thao Nguyen"]
[WhiteFideId "12551805"]
[BlackFideId "12401226"]
[WhiteElo "2078"]
[BlackElo "2282"]
[Result "1-0"]
[Round "05"]
[TimeControl "180+1"]
[Date "2022.10.12"]
[WhiteClock "0:00:11"]
[BlackClock "0:00:08"]

1. c4 d6 2. e3 Bf5 3. a3 e5 4. b4 Be7 5. Bb2 a5 6. b5 Nf6 7. Nf3 O-O 8. Be2 c6 9. a4 Nbd7 10. d4 e4 11. Nfd2 h6 12. Nc3 Kh7 13. O-O d5 14. Qb3 Rc8 15. cxd5 cxb5 16. Bxb5 Nb6 17. f3 exf3 18. e4 Rxc3 19. Bxc3 Nxe4 20. Bd3 f2+ 21. Rxf2 Nxf2 22. Bxf5+ Kg8 23. Kxf2 Nxd5 24. Be4 Nxc3 25. Qxc3 Bb4 26. Qd3 Qh4+ 27. Kg1 Bxd2 28. g3 Qg5 29. Rd1 Bb4 30. Bxb7 Rd8 31. Be4 Rxd4 32. Qxd4 Bc5 33. Kg2 Bxd4 34. Rxd4 g6 35. Bf3 Qc5 36. Re4 f5 37. Re2 Qc4 38. Re8+ Kf7 39. Ra8 Qxa4 40. h4 Qa2+ 41. Kh3 a4 42. Ra7+ Kf6 43. Ra6+ Kg7 44. Ra7+ Kf6 45. Ra6+ Ke5 46. Ra5+ Kd4 47. Ra6 Ke3 48. Ba8 Qc4 49. Rxg6 Kf2 50. Bg2 a3 51. Kh2 a2 52. Rf6 Qc5 53. Ra6 Qc4 54. Ra5 Ke3 55. Bd5 Qxd5 56. Rxd5 a1=Q 57. Rxf5 Qa2+ 58. Kh3 Qe6 59. g4 Qe4 60. h5 Ke2 61. Kg3 Qe3+ 62. Kh4 Qg1 63. Re5+ Kf3 64. Rf5+ Ke4 65. Kh3 Qh1+ 66. Kg3 Qg1+ 67. Kh3 Qh1+ 68. Kg3 Qe1+ 69. Kh3 Qe2 70. Kg3 Qe3+ 71. Kg2 Qd3 72. Kh2 Qd4 73. Kg3 Qd7 74. Rf4+ Ke3 75. Rf3+ Ke2 76. Rf2+ Ke1 77. Rf5 Qd6+ 78. Kf3 Qh2 79. Rf4 Qh3+ 80. Ke4 Ke2 81. Kf5 Ke3 82. Re4+ Kd3 83. Rf4 Qe3 84. g5 Qc5+ 85. Ke6 Qxg5 86. Rf5 Qg4 87. Kf6 Ke4 88. Ra5 Qh4+ 89. Kg6 Qf4 90. Ra4+ Ke5 91. Rxf4 Kxf4 92. Kxh6 Kf5 93. Kg7 Ke6 94. h6 Kf5 95. h7 Ke5 96. h8=Q 1-0


[Site "https://www.chess.com"]

[Event "Titled Tuesday Blitz October 11 Late 2022"]
[White "miragha_yev"]
[Black "Taboas Rodriguez, Daniel"]
[BlackFideId "2208466"]
[WhiteElo "2766"]
[BlackElo "2429"]
[Result "0-1"]
[Round "05"]
[TimeControl "180+1"]
[Date "2022.10.12"]
[WhiteClock "0:00:26"]
[BlackClock "0:00:19"]

1. Nf3 Nf6 2. b3 g6 3. Bb2 Bg7 4. g3 b6 5. Bg2 Bb7 6. O-O O-O 7. c4 c5 8. e3 d5 9. cxd5 Qxd5 10. Nc3 Qh5 11. d4 Rd8 12. Ne5 Bxg2 13. Kxg2 cxd4 14. exd4 Qf5 15. Qf3 Qxf3+ 16. Kxf3 Nbd7 17. Nc6 Re8 18. Rfe1 e6 19. Nb5 Nd5 20. Nd6 Rf8 21. Rac1 N7f6 22. h3 a5 23. Ba3 a4 24. Nb5 Rfc8 25. Rc4 axb3 26. axb3 Bf8 27. Bxf8 Kxf8 28. Nca7 Rxc4 29. bxc4 Nc7 30. Rb1 Nxb5 31. Nxb5 Ra4 32. Nd6 Nd7 33. Ke3 Ke7 34. Nc8+ Kd8 35. Nxb6 Nxb6 36. Rxb6 Rxc4 37. Rb7 Ke8 38. g4 Rc1 39. Rb8+ Ke7 40. Rh8 Rc3+ 41. Kf4 Rxh3 42. f3 Kf6 43. g5+ Kg7 44. Ra8 Rh4+ 45. Ke3 Rh5 46. Kf4 h6 47. gxh6+ Rxh6 48. Rd8 Rh4+ 49. Ke3 Kf6 50. Ra8 Rh5 51. Ra1 Rd5 52. Ra6 Kf5 53. Ra7 f6 54. Ra1 g5 55. Ra8 Rb5 56. Ra3 Rb4 57. Ra5+ Kg6 58. Ra6 Rb3+ 59. Kf2 Kf5 60. Ra5+ Kg6 61. Ra6 Rb2+ 62. Ke3 Rb1 63. Ke2 Rb4 64. Ke3 Rb1 65. Ke2 Kf5 66. Ke3 Rb3+ 67. Ke2 Kf4 68. Rxe6 Rb2+ 69. Kd3 f5 70. Rf6 Rb3+ 71. Ke2 Re3+ 72. Kd2 Rxf3 73. d5 Ra3 74. d6 Ra7 75. Rg6 Rd7 76. Ke2 g4 77. Kf2 Ke5 78. Kg3 Rxd6 79. Rg8 Rd3+ 80. Kg2 Kf4 81. Ra8 Rd2+ 82. Kg1 Kg5 83. Rg8+ Kh4 84. Ra8 f4 85. Kf1 f3 86. Ra1 Kg3 87. Kg1 Rg2+ 88. Kh1 Rh2+ 89. Kg1 f2+ 0-1


[Site "https://www.chess.com"]